 Dungeon Sprint DCSS version 0.29.1-2-gbd0b4ee654 (webtiles) character file.

Game seed: 8456888782564342657

31 Groucho the Sneak (level 3, 0/14 HPs)
             Began as a Felid Enchanter on Nov 20, 2022.
             Was a Follower of Dithmenos.
             Slain by Pikel
             ... wielding a +0 whip of electrocution
              (14 damage)
             ... in the Dungeon (Sprint VII: "The Pits").
             The game lasted 00:02:17 (1413 turns).

Groucho the Sneak (Felid Enchanter)                 Turns: 1413, Time: 00:02:18

Health: 0/14       AC:  1    Str:  6    XL:     3   Next: 7%
Magic:  0/8        EV: 17    Int: 16    God:    Dithmenos [*.....]
Gold:   0          SH:  0    Dex: 16    Spells: 0/8 levels left
                                        Lives:  0   Deaths: 0

rFire   . . .      SeeInvis +     - Unarmed
rCold   . . .      Faith    .   (shield unavailable)
rNeg    . . .      Spirit   .   (body armour unavailable)
rPois   .          Reflect  .   (helmet unavailable)
rElec   .          Harm     .   (cloak unavailable)
rCorr   .          Rampage  .   (gloves unavailable)
Will    .....      NoTele   +   (boots unavailable)
Stlth   ++++......              (no amulet)
HPRegen 0.04/turn               (no ring)
MPRegen 0.11/turn               (no ring)

@: wreathed by umbra, quick
A: very small, claws 1, fangs 3, see invisible, speed 1, shaggy fur 1, stealthy
paws, no weapons or thrown items, no armour, multi-lived
a: Renounce Religion


You were in the Dungeon.
You worshipped Dithmenos.
Dithmenos was aware of your devotion.
You visited 1 branch

Inventory:

Scrolls
 c - 5 scrolls of amnesia
 g - a scroll of blinking
 h - a scroll of summoning
 i - 2 scrolls of vulnerability
Potions
 a - 3 potions of invisibility
 b - 5 potions of heal wounds
 d - a potion of haste
 e - 4 potions of magic
 f - 2 potions of berserk rage
 j - 5 potions of curing


   Skills:
 - Level 2.6 Dodging
 * Level 7.2 Stealth
 - Level 1.0 Unarmed Combat
 + Level 3.3 Spellcasting
 + Level 6.1 Hexes
 + Level 1.2 Invocations


You couldn't memorise any spells.
You knew the following spells:

 Your Spells              Type           Power      Damage    Failure   Level
a - Ensorcelled Hibernat  Hex/Ice        24%        N/A       8%          2
b - Confusing Touch       Hex            22%        N/A       4%          3
c - Dazzling Flash        Conj/Hex       24%        N/A       16%         3

Your spell library contained the following spells:

 Spells                   Type           Power      Damage    Failure   Level
 Tukima's Dance           Hex            22%        N/A       4%          3


Dungeon Overview and Level Annotations

Branches:
Dungeon (1/1)

Altars:
Ashenzari
Cheibriados
Dithmenos
Elyvilon
Fedhas
Gozag
Hepliaklqana
Kikubaaqudgha
Makhleb
Nemelex Xobeh
Okawaru
Qazlal
Ru
Sif Muna
Trog
Uskayaw
Vehumet
Wu Jian
Xom
Yredelemnul
Zin
The Shining One
Jiyva
Lugonu

Annotations:
D Pikel


Innate Abilities, Weirdness & Mutations

You have sharp claws.
You have razor-sharp teeth.
You have supernaturally acute eyesight. (SInv)
You cover ground quickly. (Speed+)
You are covered in fur. (AC +1)
Your paws help you pounce on unaware monsters.
You are incapable of wielding weapons or throwing items.
You cannot wear armour.
You gain extra lives every three experience levels.


Message History

Aiming: Ensorcelled Hibernation (safe; 8% risk of failure)
Press: ? - help, Shift-Dir - straight line, f - lemure
Aim: a lemure (umbra, chance to affect: 46%)
The lemure resists with some effort.
Casting: Ensorcelled Hibernation (safe; 8% risk of failure)
Confirm with . or Enter, or press ? or * to list all spells.
Aiming: Ensorcelled Hibernation (safe; 8% risk of failure)
Press: ? - help, Shift-Dir - straight line, f/p - lemure
Aim: a lemure (umbra, chance to affect: 46%)
The lemure looks drowsy...
Pikel says, "Hell isn't that bad."
You pounce on the unaware helpless lemure!
You claw the lemure!
The lemure is severely wounded.
The lemure misses you.
Casting: Ensorcelled Hibernation (safe; 8% risk of failure)
Confirm with . or Enter, or press ? or * to list all spells.
You don't know that spell.
You miss the lemure.
The lemure is severely wounded.
The lemure completely misses you.
You scratch the lemure but do no damage.
The lemure is severely wounded.
You scratch Pikel but do no damage.
Casting: Ensorcelled Hibernation (safe; 8% risk of failure)
Confirm with . or Enter, or press ? or * to list all spells.
Aiming: Ensorcelled Hibernation (safe; 8% risk of failure)
Press: ? - help, Shift-Dir - straight line, f - Pikel, p - lemure
Aim: Pikel, wielding a +0 whip of electrocution and wearing a +0 robe (umbra, chance to affect: 46%) Pikel resists with some effort.
Pikel misses you.
Unknown command.
Casting: Ensorcelled Hibernation (safe; 8% risk of failure)
Confirm with . or Enter, or press ? or * to list all spells.
Aiming: Ensorcelled Hibernation (safe; 8% risk of failure)
Press: ? - help, Shift-Dir - straight line, f/p - Pikel
Aim: Pikel, wielding a +0 whip of electrocution and wearing a +0 robe (umbra, chance to affect: 46%) Pikel resists with some effort.
Pikel hits you with a +0 whip of electrocution!
Ouch! That really hurt!
You die...

############
#_________.#
#_________.#
#_______...#########
##########'##.......
#..(.')))'.##......#
##########.##.......
#5K@........'.......
#o#####'#####......#
#.#..#.....##.......
#.#))#####'#####'###
#.#))#.....##.......
#.#))#.....##.......
#5#[[###'####.......
#K##'#.....##...<...
#.#........##.......


You could see Pikel, a lemure and an orc.

Vanquished Creatures
  An adder (D)
  A river rat (D)
  2 endoplasms (D)
  A giant cockroach (D)
  A hobgoblin (D)
  4 jackals (D)
  A quokka (D)
  A frilled lizard (D)
12 creatures vanquished.

Notes
Turn   | Place    | Note
-------+----------+-------------------------------------------
     0 | D        | Groucho the Felid Enchanter began the quest for the Orb.
     0 | D        | Reached XP level 1. HP: 7/7 MP: 4/4
    32 | D        | Reached skill level 5 in Stealth
    32 | D        | Reached skill level 5 in Hexes
    32 | D        | Reached XP level 2. HP: 10/11 MP: 4/6
    47 | D        | Reached skill level 6 in Stealth
    81 | D        | Found a bloodstained altar of Trog.
    81 | D        | Found a shimmering blue altar of Sif Muna.
    81 | D        | Found a viscous altar of Jiyva.
    81 | D        | Found a hazy altar of Hepliaklqana.
    81 | D        | Found an opulent altar of Gozag.
    82 | D        | Found a glowing golden altar of the Shining One.
    82 | D        | Found a glowing silver altar of Zin.
    82 | D        | Found a basalt altar of Yredelemnul.
    82 | D        | Found a shimmering altar of Xom.
    82 | D        | Found an ornate altar of the Wu Jian Council.
    82 | D        | Found a sacrificial altar of Ru.
    82 | D        | Found a stormy altar of Qazlal.
    82 | D        | Found an iron altar of Okawaru.
    82 | D        | Found a sparkling altar of Nemelex Xobeh.
    82 | D        | Found a burning altar of Makhleb.
    82 | D        | Found a blossoming altar of Fedhas.
    82 | D        | Found a white marble altar of Elyvilon.
    82 | D        | Found a shadowy altar of Dithmenos.
    82 | D        | Found a snail-covered altar of Cheibriados.
    84 | D        | Found a corrupted altar of Lugonu.
    84 | D        | Found a radiant altar of Vehumet.
    85 | D        | Found an ancient bone altar of Kikubaaqudgha.
    85 | D        | Found a hide-covered altar of Uskayaw.
    85 | D        | Found a broken altar of Ashenzari.
    90 | D        | Became a worshipper of Dithmenos the Shadowed
   699 | D        | Reached skill level 7 in Stealth
   699 | D        | Reached skill level 1 in Invocations
   700 | D        | Reached * piety under Dithmenos
  1005 | D        | Reached XP level 3. HP: 14/14 MP: 8/8
  1383 | D        | Learned a level 2 spell: Ensorcelled Hibernation
  1387 | D        | Learned a level 3 spell: Confusing Touch
  1391 | D        | Learned a level 3 spell: Dazzling Flash
  1391 | D        | Noticed a lemure
  1391 | D        | Noticed Pikel
  1413 | D        | Slain by Pikel

Illustrated notes

Levels and vault maps discovered:
D:        pitsprint [storerooms_1, entrance_room_1, metal_vault_7, armoury_2,
          mini_pit_1, grid_room_1, main_hall_1, silver_pit, the_coven_2,
          the_vestibule_1, steel_vault_1, golden_pit, hallway_of_sentries,
          crystal_vault_1, iron_vault_4, final_vault]

Skill      XL: |  1  2 |
---------------+-------+-----
Stealth        | 5 7 |  7.2
Hexes          | 5 6 |  6.1
Spellcasting   | 3 |  3.3
Invocations    | 1 |  1.2
Dodging        | |  2.6
Unarmed Combat | |  1.0

Action                   || total
-------------------------++-------
Melee: Unarmed           ||    56
       Bite              ||     7
       Punch             ||     1
 Cast: Ensorcelled Hiber ||     4
  Use: Potion            ||     4
 Stab: Invisible         ||     2
       Sleeping          ||     5
Armor: Skin              ||     2
Dodge: Dodged            ||    56
